 Dungeon Crawl Stone Soup version 0.31-a0-16-g6d2539766c (webtiles) character file.

Game seed: 8842948438512736303

47450 senseless the Destroyer (level 14, -20/108 HPs)
             Began as a Demonspawn Fire Elementalist on May 8, 2023.
             Was a High Priest of Vehumet.
             Demolished by a titanic slime creature (50 damage)
             ... on level 13 of the Dungeon.
             The game lasted 01:12:51 (17014 turns).

senseless the Destroyer (DsFE)                     Turns: 17014, Time: 01:12:51

Health: -20/108    AC: 20    Str: 13    XL:     14   Next: 8%
Magic:  27/27      EV: 20    Int: 21    God:    Vehumet [*****.]
Gold:   1574       SH: 12    Dex: 12    Spells: 11/31 levels left

rFire   + + .        y - +3 Elemental Staff {rElec rF+ rC+ AC+3}
rCold   + + .        Z - +2 buckler {rPois}
rNeg    . . .        u - +2 robe {rC+ rF+}
rPois   +            (no helmet)
rElec   +            X - +0 cloak
rCorr   .            I - +2 pair of gloves
SInv    .            S - +0 pair of boots
Will    +....        J - amulet of reflection
Stlth   ++           R - +5 ring of evasion
HPRegen 0.38/turn    c - +4 ring of protection
MPRegen 0.20/turn

%: reflection
@: studying Ice Magic
A: thin metallic scales 3, powered by pain 2, spiny 2, weakness stinger 2,
strong 1
a: Renounce Religion


You were on level 13 of the Dungeon.
You worshipped Vehumet.
Vehumet was extremely pleased with you.
You visited 1 branch of the dungeon, and saw 15 of its levels.
You also visited: Bailey and Ice Cave.

You collected 1844 gold pieces.
You spent 270 gold pieces at shops.

Inventory:

Hand Weapons
 j - the +1 shortbow "Tehuiz" {flame, Drain rPois rF+ Int+4}
   (You found it on level 3 of the Dungeon)

   Int:       It affects your intelligence (+4).
   rF:        It protects you from fire.
   rPois:     It protects you from poison.
   Drain:     It drains your maximum health when unequipped.
 k - a +4 heavy flail
 y - the +3 Elemental Staff (weapon) {rElec rF+ rC+ AC+3}
   (You acquired it on level 6 of the Dungeon)

   It enhances your fire, ice, earth and air magic.
   AC:        It affects your AC (+3).
   rF:        It protects you from fire.
   rC:        It protects you from cold.
   rElec:     It insulates you from electricity.
 A - the +10 dagger of Honour {spect, +Blink rCorr}
   (You took it off a gnoll bouda in a bailey)

   +Blink:    It lets you blink.
   rCorr:     It protects you from acid and corrosion.
 G - a +4 quarterstaff of freezing
Armour
 u - a +2 robe of resistance (worn)
 I - a +2 pair of gloves (worn)
 S - a +0 pair of boots (worn)
 X - a +0 cloak (worn)
 Z - a +2 buckler of poison resistance (worn)
Jewellery
 a - a +6 ring of strength
 c - a +4 ring of protection (right hand)
 h - a ring of wizardry
 l - an amulet of the acrobat
 o - a ring of wizardry
 J - an amulet of reflection (around neck)
 O - a +4 ring of protection
 Q - an amulet of faith
 R - a +5 ring of evasion (left hand)
 V - the amulet of Ropladeim {Spirit Str+2 Int+4}
   (You found it in an ice cave)

   [amulet of guardian spirit]

   It causes incoming damage to be divided between your reserves of health and
   magic.
   Str:       It affects your strength (+2).
   Int:       It affects your intelligence (+4).
 Y - a ring of ice
Wands
 e - a wand of digging (8)
 q - a wand of polymorph (6)
 s - a wand of flame (79)
 t - a wand of paralysis (13)
 v - a wand of iceblast (27)
 H - a wand of quicksilver (25)
Scrolls
 g - 2 scrolls of enchant weapon
 E - 3 scrolls of magic mapping
 M - a scroll of blinking
 N - 6 scrolls of teleportation
 P - a scroll of fog
 T - a scroll of identify
 W - a scroll of fear
Potions
 b - 2 potions of magic
 f - 3 potions of invisibility
 i - 4 potions of brilliance
 m - 2 potions of lignification
 n - a potion of attraction
 p - 2 potions of might
 w - 8 potions of curing
 x - a potion of resistance
 z - 3 potions of heal wounds
 F - 10 potions of ambrosia
 K - a potion of haste
 L - 2 potions of flight
Miscellaneous
 B - a condenser vane
 C - a piece from Xom's chessboard (15/15)
 D - a lightning rod (4/4)
 U - a phantom mirror


   Skills:
 + Level 9.6 Fighting
 + Level 6.6 Staves
 - Level 5.4 Ranged Weapons
 + Level 9.3 Dodging
 - Level 1.7 Stealth
 + Level 4.4 Shields
 + Level 9.2 Spellcasting
 + Level 10.0 Conjurations
 + Level 9.5 Fire Magic
 + Level 7.3 Evocations


You had 11 spell levels left.
You knew the following spells:

 Your Spells              Type           Power      Damage    Failure   Level
a - Foxfire               Conj/Fire      100%       2x1d9     1%          1
b - Scorch                Fire           100%       2d9       1%          2
c - Flame Wave            Conj/Fire      66%        2d15      1%          4
d - Olgreb's Toxic Radia  Pois           9%         N/A       24%         4
e - Ignite Poison         Fire/Tmut/Pois 34%        N/A       2%          3
f - Starburst             Conj/Fire      33%        6d10      7%          6

Your spell library contained the following spells:

 Spells                   Type           Power      Damage    Failure   Level
 Airstrike                Air            7%         2d(1-17)  24%         4
 Magic Dart               Conj           100%       1d8       1%          1
 Searing Ray              Conj           100%       2d8       1%          2
 Dazzling Flash           Conj/Hex       60%        N/A       1%          3
 Inner Flame              Hex/Fire       44%        N/A       1%          3
 Volatile Blastmotes      Fire/Tloc      88%        2d17      1%          3
 Fulminant Prism          Conj/Hex       15%        3d10      3%          4
 Iskenderun's Mystic Bla  Conj/Tloc      30%        2d8       3%          4
 Slow                     Hex            36%        N/A       10%         1
 Ensorcelled Hibernation  Hex/Ice        28%        N/A       14%         2
 Sublimation of Blood     Necr           9%         N/A       14%         2
 Wereblood                Tmut           9%         N/A       14%         2
 Confusing Touch          Hex            9%         N/A       28%         3
 Spider Form              Tmut/Pois      9%         N/A       28%         3
 Vampiric Draining        Necr           9%         2d6       28%         3
 Anguish                  Hex/Necr       4%         N/A       67%         4
 Petrify                  Tmut/Erth      14%        N/A       67%         4
 Metabolic Englaciation   Hex/Ice        7%         N/A       95%         5
 Statue Form              Tmut/Erth      9%         N/A       100%        6
 Summon Hydra             Summ           4%         N/A       100%        7


Dungeon Overview and Level Annotations

Branches:
Dungeon (15/15)            Temple (0/1) D:5            Lair (0/5) D:11
    Orc (0/2) D:9          Vaults (0/5) D:14         Bailey (visited)
  IceCv (visited)
 Depths: D:15

Altars:
Cheibriados
Fedhas
Kikubaaqudgha
Nemelex Xobeh
Okawaru
Qazlal
Ru
Trog
Uskayaw
Vehumet
Xom

Shops:
D:8 :   D:11 (   D:12 *


Innate Abilities, Weirdness & Mutations

You are completely covered in thin metallic scales. (AC +4, rElec)
You sometimes gain power by taking damage.
You are mostly covered in sharp spines.
You have a tail ending in a sharp stinger.
Your muscles are strong. (Str +4, Int/Dex -1)


Message History

You feel a surge of power!
Flames lash the titanic slime creature.
The titanic slime creature is burned terribly!
The titanic slime creature is heavily wounded.
You block the titanic slime creature's attack.
You feel a surge of power!
Flames lash the titanic slime creature.
The titanic slime creature is burned terribly!
The titanic slime creature is heavily wounded.
You block the titanic slime creature's attack.
You feel a surge of power!
Flames lash the slime creature.
The slime creature is burned terribly!
You kill the slime creature!
Vehumet accepts your kill.
You feel your power returning.
The titanic slime creature barely misses you.
You feel a surge of power!
Flames lash the titanic slime creature.
The titanic slime creature is burned terribly!
The titanic slime creature is heavily wounded.
The titanic slime creature is struck by your spines.
The titanic slime creature closely misses you.
You don't have enough magic to cast this spell.
You don't have enough magic to cast this spell.
You don't have enough magic to cast this spell.
You barely miss the titanic slime creature.
Your tail-slap misses the titanic slime creature.
The titanic slime creature is heavily wounded.
The titanic slime creature is struck by your spines.
The titanic slime creature hits you!!
You focus on the pain.
You feel your power returning.
You hit the titanic slime creature. You crush the titanic slime creature!
The titanic slime creature is severely wounded.
You hit the titanic slime creature. You burn the titanic slime creature!!
The titanic slime creature is severely wounded.
The titanic slime creature is struck by your spines.
The titanic slime creature hits you!!!
* * * LOW HITPOINT WARNING * * *
You focus on the pain.
You feel your power returning.
The titanic slime creature attacks as you move away!
The titanic slime creature is struck by your spines.
The titanic slime creature hits you!!!
You die...

## ##### #.#
##..... #.#
....... #..#
....... #..#
....... #..#
...$...
#..#J...... #.@##
##..## ##..##
##..#############
##..............
#..############
##.## # #..# #
#### #


You could see a titanic slime creature (combustible).

Vanquished Creatures
  Snorg (D:14)
  2 hydras (D:13)
  Harold (D:9)
  3 ogre magi
  14 two-headed ogres
  4 boulder beetles
  4 centaur warriors
  3 tengu warriors
  The ghost of bmj180 the Magician, a novice DrFE (D:7)
  4 skeletal warriors
  An orc knight (D:10)
  6 ugly things
  A deep elf pyromancer (D:12)
  2 oklob plants (D:11)
  A manticore (D:11)
  3 cyclopes
  A guardian serpent (D:11)
  4 ice statues
  2 unseen horrors
  2 anaconda simulacra (IceCv)
  4 trolls
  A queen bee (D:11)
  A hornet (shapeshifter) (D:13)
  3 meliai (D:14)
  A hornet (D:9)
  7 wraiths
  Sigmund (D:5)
  5 slime creatures
  A shadow (D:12)
  A centaur simulacrum (D:10)
  A vampire (D:10)
  A wyvern (D:9)
  A dire elephant simulacrum (IceCv)
  26 yaks
  9 vampire mosquitoes
  Edmund (D:5)
  A hydra simulacrum (IceCv)
  2 acid dragons
  A water moccasin (D:7)
  6 orc warriors
  2 black bears
  An ice beast (D:6)
  3 ogres
  7 wolves (Bailey)
  8 centaurs
  A phantom (D:6)
  A bullfrog (D:6)
  2 kobold brigands
  8 gnoll sergeants (Bailey)
  5 scorpions
  A cane toad simulacrum (IceCv)
  6 wights
  41 killer bees
  An elephant simulacrum (IceCv)
  2 howler monkeys
  4 crimson imps (D:6)
  9 gnoll boudas
  7 hounds
  5 orc priests
  7 iguanas
  12 orc wizards
  3 polar bear simulacra (IceCv)
  A wolf simulacrum (IceCv)
  15 gnolls
  5 adders
  A white imp (D:6)
  3 ufetubi
  2 worms
  2 dart slugs
  31 orcs
  4 ball pythons
  4 endoplasms
  3 giant cockroaches
  8 goblins
  3 hobgoblins
  3 jackals
  21 kobolds
  4 quokkas
  2 bats
  4 frilled lizards
  5 rats
391 creatures vanquished.

Vanquished Creatures (others)
  279 foxfires
279 creatures vanquished.

Grand Total: 670 creatures vanquished

Notes
Turn   | Place    | Note
-------+----------+-------------------------------------------
     0 | D:1      | senseless the Demonspawn Fire Elementalist began the quest
                  | for the Orb.
     0 | D:1      | Reached XP level 1. HP: 13/13 MP: 3/3
   234 | D:1      | Gained mutation: You sometimes gain a little power by
                  | taking damage. [demonic ancestry]
   234 | D:1      | Reached XP level 2. HP: 19/19 MP: 0/5
   237 | D:1      | Learned a level 2 spell: Scorch
  1142 | D:1      | Gained mutation: You have a small tail. [demonic ancestry]
  1142 | D:1      | Reached XP level 3. HP: 21/24 MP: 0/6
  1927 | D:3      | Identified the +1 shortbow "Tehuiz" {flame, Drain rPois rF+
                  | Int+4}
  2041 | D:3      | Reached skill level 2 in Conjurations
  2041 | D:3      | Gained mutation: You sometimes gain power by taking damage.
                  | [demonic ancestry]
  2041 | D:3      | Reached XP level 4. HP: 30/30 MP: 7/7
  2122 | D:3      | Found a radiant altar of Vehumet.
  2203 | D:3      | Became a worshipper of Vehumet
  2238 | D:3      | Found a faded altar of an unknown god.
  2266 | D:3      | Noticed a scorpion
  2279 | D:3      | Killed a scorpion
  2280 | D:3      | Reached skill level 1 in Fighting
  2280 | D:3      | Reached skill level 1 in Ranged Weapons
  2280 | D:3      | Gained mutation: You are partially covered in sharp spines.
                  | [demonic ancestry]
  2280 | D:3      | Reached XP level 5. HP: 33/37 MP: 1/9
  3065 | D:4      | Gained mutation: You are partially covered in thin metallic
                  | scales. (AC +2) [demonic ancestry]
  3065 | D:4      | Reached XP level 6. HP: 44/44 MP: 7/10
  3221 | D:4      | Learned a level 4 spell: Flame Wave
  3266 | D:4      | Reached * piety under Vehumet
  3266 | D:4      | Offered knowledge of Sandblast by Vehumet.
  3274 | D:4      | Reached skill level 3 in Conjurations
  3501 | D:4      | Gained mutation: Your muscles are strong. (Str +4, Int/Dex
                  | -1) [potion of mutation]
  3503 | D:5      | Entered Level 5 of the Dungeon
  3628 | D:4      | Reached XP level 7. HP: 42/50 MP: 4/12
  3885 | D:5      | Found a sparkling altar of Nemelex Xobeh.
  3914 | D:5      | Found a staircase to the Ecumenical Temple.
  4062 | D:5      | Reached skill level 5 in Fighting
  4062 | D:5      | Reached skill level 5 in Ranged Weapons
  4062 | D:5      | Reached skill level 5 in Dodging
  4062 | D:5      | Reached skill level 5 in Spellcasting
  4062 | D:5      | Reached skill level 6 in Conjurations
  4062 | D:5      | Gained mutation: You have a tail ending in a sharp stinger.
                  | [demonic ancestry]
  4062 | D:5      | Reached XP level 8. HP: 63/63 MP: 12/16
  4094 | D:5      | Noticed Edmund
  4103 | D:5      | Killed Edmund
  4177 | D:5      | Noticed Sigmund
  4180 | D:5      | Killed Sigmund
  4987 | D:5      | Reached XP level 9. HP: 69/69 MP: 15/18
  5160 | D:6      | Found an iron altar of Okawaru.
  5340 | D:6      | Found a blossoming altar of Fedhas.
  5368 | D:6      | Reached ** piety under Vehumet
  5370 | D:6      | Offered knowledge of Static Discharge by Vehumet.
  5577 | D:6      | Found a shimmering altar of Xom.
  5690 | D:6      | Identified a scroll of acquirement
  5690 | D:6      | Acquired the +3 Elemental Staff {rElec rF+ rC+ AC+3}
  5690 | D:6      | Found the +3 Elemental Staff {rElec rF+ rC+ AC+3}
  5774 | D:7      | Found a flagged portal.
  5783 | Bailey   | Entered a bailey
  5889 | Bailey   | Reached skill level 1 in Evocations
  5896 | Bailey   | Offered knowledge of Dazzling Flash by Vehumet.
  5937 | Bailey   | Reached skill level 1 in Staves
  6006 | Bailey   | Identified the +10 dagger of Honour {spect, +Blink rCorr}
  6012 | Bailey   | Reached *** piety under Vehumet
  6165 | Bailey   | Reached skill level 7 in Conjurations
  6222 | Bailey   | Gained mutation: You are mostly covered in thin metallic
                  | scales. (AC +3) [demonic ancestry]
  6222 | Bailey   | Reached XP level 10. HP: 69/77 MP: 5/19
  6784 | D:7      | Found a runed translucent gate.
  6785 | D:7      | Found a runed translucent gate.
  6786 | D:7      | Found a runed translucent gate.
  6795 | D:7      | Offered knowledge of Olgreb's Toxic Radiance by Vehumet.
  6801 | D:7      | Learned a level 4 spell: Olgreb's Toxic Radiance
  6814 | D:7      | Noticed bmj180's ghost (novice DrFE)
  6818 | D:7      | Found an ancient bone altar of Kikubaaqudgha.
  6840 | D:7      | Identified the +1 whip "Lolubron" {antimagic, Contam rElec
                  | Int+2 Stlth+}
  6885 | D:7      | Found a stormy altar of Qazlal.
  7031 | D:7      | Found a sacrificial altar of Ru.
  7149 | D:7      | Found a bloodstained altar of Trog.
  7584 | D:7      | Killed bmj180's ghost
  7755 | D:8      | Noticed a two-headed ogre
  7880 | D:8      | Killed a two-headed ogre
  8220 | D:8      | Found Zin's Purification Station.
  8227 | D:8      | Bought 3 potions of curing for 270 gold pieces
  8452 | D:8      | Found Eghasa's Book Emporium.
  8836 | D:9      | Noticed Harold
  8843 | D:9      | Reached **** piety under Vehumet
  8846 | D:9      | Killed Harold
  8847 | D:9      | Gained mutation: You are mostly covered in sharp spines.
                  | [demonic ancestry]
  8847 | D:9      | Reached XP level 11. HP: 76/84 MP: 11/21
  8998 | D:9      | Found a snail-covered altar of Cheibriados.
  9089 | D:9      | Offered knowledge of Ignite Poison by Vehumet.
  9094 | D:9      | Learned a level 3 spell: Ignite Poison
  9564 | D:9      | Paralysed by a hornet for 1 turns
 10344 | D:9      | Found a hide-covered altar of Uskayaw.
 10484 | D:9      | Found a staircase to the Orcish Mines.
 10558 | D:10     | Entered Level 10 of the Dungeon
 10662 | D:10     | Learned a level 6 spell: Starburst
 10726 | D:10     | Reached skill level 8 in Conjurations
 10745 | D:10     | Reached ***** piety under Vehumet
 10818 | D:10     | Noticed a tengu warrior
 10828 | D:10     | Killed a tengu warrior
 10975 | D:10     | Noticed a centaur warrior
 10982 | D:10     | Killed a centaur warrior
 10988 | D:10     | Offered knowledge of Airstrike by Vehumet.
 11231 | D:10     | Noticed a two-headed ogre
 11240 | D:10     | Killed a two-headed ogre
 11372 | D:10     | Noticed an orc knight
 11383 | D:10     | Killed an orc knight
 11384 | D:10     | Reached XP level 12. HP: 67/92 MP: 3/23
 12095 | D:10     | Reached skill level 5 in Evocations
 12325 | D:11     | Found Qemybbam's Weapon Emporium.
 12326 | D:11     | Noticed a two-headed ogre
 12333 | D:11     | Killed a two-headed ogre
 12376 | D:11     | Noticed a two-headed ogre
 12459 | D:11     | Killed a two-headed ogre
 12689 | D:11     | Noticed a boulder beetle
 12714 | D:11     | Killed a boulder beetle
 12715 | D:11     | Reached skill level 5 in Staves
 12872 | D:11     | Found a staircase to the Lair.
 12886 | D:11     | Reached skill level 1 in Shields
 13001 | D:11     | Reached skill level 9 in Conjurations
 13254 | D:12     | Found a frozen archway.
 13299 | IceCv    | Entered an ice cave
 13832 | IceCv    | Identified the amulet of Ropladeim {Spirit Str+2 Int+4}
 14004 | D:12     | Found Ytteunylyk's Elemental Accessories.
 14063 | D:12     | Noticed a two-headed ogre
 14069 | D:12     | Killed a two-headed ogre
 14244 | D:12     | Gained mutation: You are completely covered in thin
                  | metallic scales. (AC +4, rElec) [demonic ancestry]
 14244 | D:12     | Reached XP level 13. HP: 93/99 MP: 17/25
 14740 | D:12     | You fall into a shaft and drop 3 floors!
 14740 | D:15     | Entered Level 15 of the Dungeon
 14898 | D:14     | Noticed Snorg
 14912 | D:14     | Killed Snorg
 15115 | D:14     | Found a gate to the Vaults.
 16447 | D:13     | Reached XP level 14. HP: 90/108 MP: 22/27
 16448 | D:13     | Reached skill level 10 in Conjurations
 16504 | D:13     | Acquired 674 gold pieces
 17014 | D:13     | Demolished by a titanic slime creature

Illustrated notes

Levels and vault maps discovered:
D:1:      kilobyte_arrival_exit_the_forest, layout_rooms
D:2:      layout_rooms
D:3:      layout_loops_ring, vehumet_altar_wand_db,
          chequers_ecumenical_altar_simple_redux
D:4:      minmay_general_purpose_star, layout_basic
D:5:      layout_basic, lemuel_coloured_pillars_altar,
          minmay_temple_entry_sparse_star, sigmund_edmund_badplayer
D:6:      layout_cave_pools, okawaru_ov_weapons_minmay,
          mainiacjoe_overflow_brackets, led_xom_imps, hangedman_decor_riveting,
          chequers_serial_rivers_micro_c, kennysheep_generic_room_11
D:7:      layout_basic, overflow_temple_1_default, lemuel_tele_altar,
          lemuel_round_altar, mainiacjoe_overflow_paths, enter_bailey_2,
          ebering_ghost_rock_garden
D:8:      layout_basic, tso_altar, zin_purify, serial_shops, shop
D:9:      layout_stronghold, lemuel_crystal_altar,
          nicolae_overflow_hidden_temple, david_orc_4, minivault_16,
          hellmonk_bongcloud_opening, uniq_harold
D:10:     layout_roguey, minmay_shattered_shrine
D:11:     layout_cave_pools, dpeg_oklobed_lair, special_room [special_room_bee],
          serial_shops, shop, chequers_avenue, nrook_guardian_serpent_double
D:12:     layout_irregular_city, portal_ice_cave_entry_pillars_1,
          nicolae_elemental_shop
D:13:     layout_cave_pods
D:14:     layout_roguey, david_vaults_2, uniq_snorg, uniq_louise, uniq_kirke
D:15:     grunt_enter_depths_magical_seal, layout_stronghold,
          serial_column_ruins, column_ruins_square_small, column_ruins_hut,
          column_ruins_columns_corner, column_ruins_grid_1,
          column_ruins_open_small, column_ruins_columns_straight,
          column_ruins_open_medium, column_ruins_grid_1, minmay_misc_feat_iff,
          uniq_agnes

Skill      XL: |  1  2  3  4  5  6  7  8  9 10 11 12 13 14 |
---------------+-------------------------------------------+-----
Dodging        | 2 3 5 6 7 8 9 |  9.3
Fire Magic     | 3 4 6 7 8 9 |  9.5
Conjurations   | 2 3 6 7 8 9 10 | 10.0
Fighting       | 1 2 5 6 7 8 9 |  9.6
Ranged Weapons | 1 2 5 |  5.4
Spellcasting   | 3 5 6 7 8 9 |  9.2
Evocations     | 1 3 4 6 7 |  7.3
Staves         | 1 3 4 5 6 |  6.6
Shields        | 2 4 |  4.4
Stealth        | |  1.7

Action                     |  1- 3 |  4- 6 |  7- 9 | 10-12 | 13-15 || total
---------------------------+-------+-------+-------+-------+-------++-------
  Melee: Dagger            |    12 |       |       |       |       ||    12
         Tailslap          |     2 |       |     1 |     8 |     8 ||    19
         Staff             |       |       |    29 |    65 |    61 ||   155
   Fire: Shortbow          |     4 |    65 |   104 |       |       ||   173
   Cast: Foxfire           |    56 |       |    30 |    63 |     9 ||   158
         Scorch            |    10 |    30 |    84 |   302 |   135 ||   561
         Flame Wave        |       |       |     6 |    21 |     8 ||    35
         Olgreb's Toxic Ra |       |       |       |    13 |     5 ||    18
         Starburst         |       |       |       |     2 |     1 ||     3
         Ignite Poison     |       |       |       |     2 |     1 ||     3
  Evoke: Wand              |       |       |       |     1 |       ||     1
    Use: Scroll            |     5 |     8 |     6 |    17 |     1 ||    37
         Potion            |       |     2 |     1 |       |       ||     3
 Armour: Robe              |     2 |    12 |    40 |    63 |    53 ||   170
  Dodge: Dodged            |    20 |    36 |   146 |   161 |   131 ||   494
  Block: Other             |       |       |       |    14 |       ||    14
         Reflection        |       |       |       |     6 |     5 ||    11
         Buckler           |       |       |       |    84 |   117 ||   201

Table legend: (Time is in decaauts)
 A = Elapsed time spent in this place.
 B = Non-inter-level travel time spent in this place.
 C = Inter-level travel time spent in this place.
 D = Time resting spent in this place.
 E = Time spent auto-exploring this place.
 F = Levels seen in this place.
 G = Mean time per level.
                   A        B        C        D        E       F      G
               +--------+--------+--------+--------+--------+-----+--------+
         Total |  17092 |  16274 |    818 |   1245 |  12435 |  17 | 1005.4 |
       Dungeon |  15559 |  14741 |    818 |    748 |  11820 |  15 | 1037.3 |
        Bailey |    968 |    968 |      0 |    247 |    460 |   1 |  968.0 |
      Ice Cave |    565 |    565 |      0 |    250 |    155 |   1 |  565.0 |
               +--------+--------+--------+--------+--------+-----+--------+

Top non-repeatable levels by time:
    D:10: 1697 daAuts
     D:9: 1674 daAuts
     D:5: 1360 daAuts
     D:7: 1307 daAuts
    D:12: 1236 daAuts
    D:13: 1163 daAuts
    D:11: 1112 daAuts
     D:1: 1102 daAuts
     D:8: 985 daAuts
  Bailey: 968 daAuts
     D:3: 937 daAuts
     D:4: 865 daAuts
     D:2: 775 daAuts
     D:6: 721 daAuts
    D:14: 609 daAuts
